 Dungeon Crawl Stone Soup version 0.20.1-1-g8b1a95d (webtiles) character file.

156 Knicklaso the Skirmisher (level 5, 0/55 HPs)
             Began as an Ogre Chaos Knight on July 29, 2017.
             Splashed by a jelly's acid (3 damage)
             ... on level 3 of the Dungeon.
             The game lasted 00:04:06 (1438 turns).

Knicklaso the Skirmisher (Ogre Chaos Knight)        Turns: 1438, Time: 00:04:07

Health: 0/55       AC:  5    Str: 17    XL:     5   Next: 38%
Magic:  5/5        EV: 10    Int: 13    God:    Xom [.....*]
Gold:   55         SH:  0    Dex:  8    Spells: 4/4 levels left

rFire    . . .     SeeInvis .   a - +0 mace (chaos)
rCold    . . .     Gourm    .   (no shield)
rNeg     . . .     Faith    .   b - +2 robe
rPois    .         Spirit   .   (helmet restricted)
rElec    .         Reflect  .   (no cloak)
rCorr    .         Harm     .   (gloves unavailable)
MR       .....                  (boots unavailable)
Stlth    +.........             (no amulet)
Regen    0.2/turn               (no ring)
MPRegen  0.1/turn               (no ring)

@: no status effects
A: unfitting armour, deterioration 1, tough skin 1, no potion heal 1
a: Renounce Religion


You were on level 3 of the Dungeon.
You worshipped Xom.
You were Xom's teddy bear.
You were very hungry.

You visited 1 branch of the dungeon, and saw 3 of its levels.

You collected 55 gold pieces.

Inventory:

Hand Weapons
 a - a +0 mace of chaos (weapon)
Armour
 b - a +2 robe (worn)
Jewellery
 j - an uncursed ring of protection from fire {unknown}
Scrolls
 d - a scroll of fog {unknown}
 e - 2 scrolls of recharging {unknown}
 g - a scroll of enchant armour {unknown}
 h - a scroll of magic mapping {unknown}
 i - a scroll of remove curse {unknown}
Potions
 f - 2 potions of cancellation
 k - a potion of curing {unknown}
 l - a potion of magic
Comestibles
 c - a bread ration


   Skills:
 + Level 4.9 Fighting
 * Level 4.2 Maces & Flails
 + Level 1.6 Throwing
 + Level 2.8 Dodging


You had 4 spell levels left.
You didn't know any spells.

Dungeon Overview and Level Annotations

Branches:
Dungeon (3/15)

Altars:
Kikubaaqudgha
Xom

Annotations:
D:2 Robin


Innate Abilities, Weirdness & Mutations

You are too large for most types of armour.
You have tough skin. (AC +1)
Your body sometimes deteriorates upon taking damage.
Potions are less effective at restoring your health.


Message History

Xom alters the dungeon around you.
Things that are here:
a club; a kobold corpse You sock the ooze!
The ooze seems to slow down.
The ooze is severely wounded.
The ooze hits you.
* * * LOW HITPOINT WARNING * * *
You sock the ooze!
You kill the ooze!
You hit the jelly. You burn the jelly.
Your hands burn!
* * * LOW HITPOINT WARNING * * *
The jelly is heavily wounded.
The jelly barely misses you.
It was a potion of magic.
Magic courses through your body.
Xom roars with laughter!
The jelly barely misses you.
You are feeling very hungry.
You hit the jelly. You drain the jelly!
Your hands burn!
You die...
Xom guffaws!

.......#.#
##.....##
#.##.....##
#.......#
#####.....#
#.......#
##....#
#.......# #....#
#.......# #..###
####....#
#..#####..'....#
#....##_########
########._.@JJ##
#######'#
÷....÷...#
.P.....÷J#
.P..J....#
......÷÷_#
.P÷......#
)P.÷...P.# ### #
########## #.#.#


You could see a jelly and an ooze.

Vanquished Creatures
  A bullfrog zombie (D:3)
  A jelly (D:3)
  6 oozes (D:3)
  2 dart slugs (D:1)
  A leopard gecko (D:2)
  A ball python (D:1)
  10 bats
  4 giant cockroaches
  12 goblins
  4 hobgoblins
  2 jackals (D:1)
  11 kobolds
  4 frilled lizards
  5 rats
64 creatures vanquished.

Vanquished Creatures (others)
  4 fungi (D:3)
  5 toadstools (D:3)
9 creatures vanquished.

Grand Total: 73 creatures vanquished

Notes
Turn   | Place    | Note
-------+----------+-------------------------------------------
     0 | D:1      | Knicklaso the Ogre Chaos Knight began the quest for the Orb.
     0 | D:1      | Reached XP level 1. HP: 24/24 MP: 1/1
   116 | D:1      | XOM: silly message
   251 | D:1      | XOM: noise
   258 | D:1      | Reached XP level 2. HP: 32/32 MP: 2/2
   331 | D:1      | XOM: swap monsters
   420 | D:1      | Reached XP level 3. HP: 17/40 MP: 3/3
   485 | D:1      | XOM: harmless Erth miscast
   504 | D:1      | Found an ancient bone altar of Kikubaaqudgha.
   983 | D:2      | Noticed Robin
  1024 | D:3      | XOM: 1-stop teleportation journey
  1033 | D:3      | Reached skill level 1 in Throwing
  1033 | D:3      | Reached XP level 4. HP: 10/49 MP: 4/4
  1048 | D:3      | XOM: 6-stop teleportation journey
  1274 | D:3      | XOM: give mutations
  1274 | D:3      | Gained mutation: Scrolls take you a little longer to read. [Xom's mischief]
  1274 | D:3      | Gained mutation: Your body sometimes deteriorates upon taking damage. [Xom's mischief]
  1274 | D:3      | Lost mutation: Scrolls take you a little longer to read. [Xom's mischief]
  1274 | D:3      | Gained mutation: Potions are less effective at restoring your health. [Xom's mischief]
  1406 | D:3      | XOM: mild Conj miscast
  1414 | D:3      | Reached XP level 5. HP: 14/55 MP: 5/5
  1421 | D:3      | XOM: scenery: create altars
  1428 | D:3      | XOM: mild Erth miscast
  1431 | D:3      | XOM: scenery: create altars
  1438 | D:3      | Splashed by a jelly's acid

Skill      XL: |  1  2  3  4 |
---------------+-------------+-----
Maces & Flails | 3 4 |  4.2
Throwing       | 1 |  1.6
Fighting       | |  4.9
Dodging        | |  2.8

Action                   |  1- 3 |  4- 6 || total
-------------------------+-------+-------++-------
Melee: Mace              |   111 |    59 ||   170
  Use: Potion            |     1 |     2 ||     3
 Stab: Sleeping          |     1 |       ||     1
  Eat: Chunk             |       |     1 ||     1
Armor: Robe              |    63 |    23 ||    86
Dodge: Dodged            |    85 |    32 ||   117
